Map: Lockdown LE

Players

Esamurai - Winner!

  • Race: Terran Terran

A.I. 1 (Very Easy)

  • Race: Zerg Zerg

VOD

Have the link to the VOD?

Description

Time

  • Played on: Sept. 21, 2026, 6:59 p.m.
  • Length: 8:33
Show
View Real Time Build Order
Export as new Build Order

Esamurai Terran - Winner!

Build Orders:  

Get SALT Encoding   

  8  0:01  SCV  
  9  0:13  SCV  
  10  0:25  SCV  
  11  0:37  SCV  
  11  0:39  Supply Depot  
  12  0:49  SCV  
  13  1:01  SCV  
  13  1:02  Barracks  
  14  1:13  SCV  
  15  1:25  SCV  
  16  1:37  SCV  
  17  1:40  Command Center  
  17  1:51  Marine  
  19  1:55  Orbital Command  
  18  2:05  Refinery  
  18  2:12  Marine  
  18  2:13  Supply Depot  
  19  2:24  Refinery  
  19  2:25  SCV  
  20  2:30  Marine  
  21  2:37  SCV  
  21  2:41  Barracks  
  22  2:49  SCV  
  23  2:56  Barracks Reactor  
  23  2:57  Orbital Command  
  23  3:01  SCV  
  24  3:15  Factory  
  24  3:17  SCV  
  25  3:25  SCV  
  26  3:29  Barracks Tech Lab, SCV  
  27  3:37  SCV  
  27  3:39  Marine x2  
  30  3:41  SCV  
  30  3:43  Supply Depot  
  31  3:54  SCV x2  
  33  3:56  Barracks Tech Lab  
  33  3:57  Marine x2  
  35  4:08  Siege Tank  
  35  4:09  Barracks  
  38  4:15  Marine x2  
  38  4:16  SCV x2  
  42  4:21  Engineering Bay  
  42  4:25  Supply Depot  
  42  4:26  Stimpack  
  42  4:27  Marine  
  42  4:30  SCV x2  
  45  4:37  Starport  
  45  4:45  Refinery, SCV x2  
  47  4:48  Marine  
  47  4:49  Marine x2  
  50  4:53  Siege Tank  
  50  4:57  SCV  
  54  5:01  Barracks Reactor  
  54  5:02  Supply Depot  
  54  5:07  SCV  
  54  5:09  SCV, Marine  
  54  5:10  Marine  
  58  5:16  Supply Depot  
  58  5:23  Marine, Medivac  
  61  5:31  SCV x2  
  61  5:33  Siege Tank  
  66  5:37  Marine x2  
  66  5:38  Marine  
  66  5:39  Marine  
  66  5:41  Marine  
  71  5:44  Supply Depot  
  71  5:46  Supply Depot, Barracks  
  71  5:52  Barracks  
  71  5:56  SCV x2  
  73  5:59  Marine  
  74  6:05  Terran Infantry Weapons Level 1  
  74  6:06  Marine, Combat Shield  
  75  6:12  SCV x2  
  77  6:19  Marine  
  77  6:20  Marine x3  
  77  6:22  Siege Tank  
  77  6:24  Medivac  
  86  6:26  SCV x2  
  86  6:32  Marine  
  89  6:33  Marine  
  90  6:42  Supply Depot x2  
  90  6:46  Marine x4  
  94  6:53  Marine x3, Supply Depot  
  97  6:56  Siege Tank  
  97  6:59  Medivac  
  102  7:09  Supply Depot  
  102  7:11  Supply Depot  
  102  7:15  SCV  
  102  7:16  SCV  
  104  7:23  Marine x2  
  104  7:24  Marine x3  
  104  7:25  Marine  
  104  7:26  Marine  
  104  7:28  Siege Tank  
  104  7:29  Medivac  
  116  7:53  SCV x2  
  116  7:54  Marine x5  
  116  7:55  Marine x2  
  125  7:59  Medivac  
  125  8:01  Siege Tank  
  125  8:05  SCV  
  131  8:07  Refinery  
  131  8:10  Command Center  
  131  8:12  Marine  
  132  8:13  SCV  
  133  8:27  Supply Depot  
  133  8:28  Supply Depot  
Show
View Real Time Build Order
Export as new Build Order

A.I. 1 (Very Easy) Zerg 

Build Orders: Pool Only 

Get SALT Encoding   

  8  0:00  Drone  
  9  0:10  Drone  
  10  0:18  Drone  
  11  0:25  Drone  
  12  0:33  Overlord  
  12  0:51  Drone  
  13  0:58  Drone  
  13  1:02  Spawning Pool  
  13  1:05  Drone  
  13  1:10  Extractor  
  13  1:13  Drone  
  14  1:21  Overlord  
  14  1:49  Zergling x2  
  14  1:50  Queen  
  17  2:01  Roach Warren  
  17  2:04  Drone  
  17  2:09  Extractor  
  17  2:12  Drone  
  17  2:17  Zergling x2  
  18  2:31  Drone  
  19  2:43  Overlord  
  19  2:45  Zergling x2  
  19  2:50  Drone  
  21  2:58  Drone  
  22  3:05  Drone  
  23  3:12  Drone  
  24  3:13  Roach  
  24  3:19  Drone  
  27  7:17  Zergling x2  
  27  7:18  Overlord  
  27  7:21  Drone, Lair  
  24  7:28  Drone  
  25  7:36  Drone  
  26  7:43  Drone  
  23  7:46  Zergling x2  
  23  7:48  Roach Warren  
  23  7:49  Overlord  
  23  7:50  Drone  
  21  7:58  Drone  
  18  8:05  Drone  
  14  8:10  Overlord x2  
  14  8:11  Spawning Pool  
  14  8:12  Drone  
  6  8:20  Drone  
Tags
 
Add a new tag
Caveats
  • Supply blocks, unpowered buildings, or Contaminate may cause inaccurate times.
  • Supply counts are checked every 10 seconds.